 Dungeon Crawl Stone Soup version 0.27.1-3-gb3d3a73c9e (webtiles) character file.

Game seed: 764368573951417552

4977 Urokeeper the Cleaver (level 10, 0/91 HPs)
             Began as a Hill Orc Berserker on Oct 21, 2021.
             Was an Elder of Trog.
             Slain by a death yak (24 damage)
             ... on level 9 of the Dungeon.
             The game lasted 00:27:43 (8188 turns).

Urokeeper the Cleaver (Hill Orc Berserker)          Turns: 8188, Time: 00:27:44

Health: 0/91       AC: 24    Str: 22 (24) XL:     10   Next: 53%
Magic:  10/10      EV:  6    Int:  5 (7)  God:    Trog [****..]
Gold:   544        SH:  0    Dex: 15 (16) Spells: 9/9 levels left

rFire    + . .     SeeInvis .   m - +0 halberd (chaos)
rCold    + . .     Faith    +   (shield currently unavailable)
rNeg     . . .     Spirit   .   K - +0 gold dragon scales
rPois    +         Reflect  .   E - +0 helmet
rElec    .         Harm     .   (no cloak)
rCorr    .         Rampage  .   j - +0 pair of gloves
Will     .....                  y - +0 pair of boots
Stlth    ..........             z - amulet of faith
HPRegen  0.25/turn              A - +4 ring of protection
MPRegen  0.12/turn              w - +6 ring of dexterity

@: silenced
A: no striking features
a: Renounce Religion


You were on level 9 of the Dungeon.
You worshipped Trog.
Trog was greatly pleased with you.
You visited 1 branch of the dungeon, and saw 10 of its levels.

You collected 544 gold pieces.

Inventory:

Hand Weapons
 a - a +0 hand axe
 m - a +0 halberd of chaos (weapon)
 n - a +2 vampiric whip
Armour
 b - a +0 animal skin
 d - a +0 chain mail
 j - a +0 pair of gloves (worn)
 p - a +3 chain mail of poison resistance
 q - a +0 plate armour
 y - a +0 pair of boots (worn)
 E - a +0 helmet (worn)
 K - +0 gold dragon scales (worn)
Jewellery
 i - a ring of flight
 w - a +6 ring of dexterity (right hand)
 x - a ring of positive energy
 z - an amulet of faith (around neck)
 A - a +4 ring of protection (left hand)
 J - an amulet of guardian spirit
Wands
 e - a wand of charming (8) (quivered)
 r - a wand of flame (23)
 u - a wand of iceblast (11)
 H - a wand of acid (14)
Scrolls
 f - 3 scrolls of noise
 h - a scroll of magic mapping
 o - a scroll of immolation
 s - 3 scrolls of vulnerability
Potions
 k - a potion of degeneration
 l - 2 potions of haste
 t - a potion of attraction


   Skills:
 + Level 9.0 Fighting
 * Level 12.7 Axes
 + Level 7.8 Armour
 + Level 5.8 Dodging


You had 9 spell levels left.
You didn't know any spells.
Your spell library was empty.

Dungeon Overview and Level Annotations

Branches:
Dungeon (10/15)            Temple (0/1) D:6
   Lair: D:8-11         Orc: D:9-12

Altars:
Elyvilon
Qazlal
Ru
Uskayaw
Xom

Shops:
D:4 *   D:7 [   D:8 :


Message History

Press: ? - help, Q - select action, (/) - cycle Shift-Dir - straight line, f - death yak
Aim: a death yak (silenced, chance to affect: 1%)
Okay, then.
You feel much better.
You feel yourself slow down. The gnoll hits you but does no damage.
You puncture the death yak!
The death yak is poisoned.
The death yak is lightly wounded.
The death yak gores you. The death yak completely misses you.
Okay, then.
You slash the death yak!
The death yak is moderately wounded.
The death yak gores you!
The death yak gores you but does no damage.
The death yak barely misses you.
You hit the death yak.
The death yak goes berserk!
The death yak is moderately wounded.
The death yak barely misses you.
The gnoll sergeant hits you but does no damage.
The gnoll hits you from afar with a +0 spear.
The death yak barely misses you.
The death yak gores you but does no damage.
You barely miss the death yak.
The death yak is moderately wounded.
The death yak gores you!
The gnoll sergeant hits you but does no damage.
The gnoll hits you but does no damage.
The death yak gores you but does no damage.
The death yak closely misses you.
The gnoll sergeant hits you but does no damage.
Your gold dragon scales prevents you from hitting the death yak.
The death yak is moderately wounded.
The death yak completely misses you. The gnoll hits you but does no damage.
The death yak gores you!
* * * LOW HITPOINT WARNING * * *
The gnoll sergeant hits you but does no damage.
You hit the death yak but do no damage.
The death yak is moderately wounded.
The death yak gores you!!
You die...

# #.##+# ##.#
##########...##.......#
..............#.......
#########............
#...............
#.#..#.#.#...... ..
#.##.#..gg.... .# #.
#.####Y#### .(.#.##.#
#@# #......## #Y#
#......g###g#
#....##..##.# #....
##.)..# #.... ######
#... #... #..


You could see 2 death yaks, a gnoll sergeant and 2 gnolls.

Vanquished Creatures
  A kobold demonologist (D:7)
  A troll (D:9)
  A wyvern (D:8)
  A wraith (D:8)
  3 yaks (D:10)
  2 steam dragons (D:7)
  3 water moccasins
  2 sky beasts
  3 black bears
  A necrophage (D:8)
  A phantom (D:5)
  2 centaurs
  2 kobold brigands (D:7)
  2 bullfrogs
  4 scorpions (D:6)
  A wyvern skeleton (D:7)
  3 wights
  A bullfrog zombie (D:6)
  4 centaur zombies
  3 centaur skeletons
  2 hounds
  4 jellies
  A bullfrog skeleton (D:5)
  A gnoll shaman (D:7)
  5 iguanas
  4 orc wizards (D:7)
  3 howler monkey zombies
  12 gnolls
  A howler monkey skeleton (D:7)
  7 adders
  2 shadow imps
  2 white imps
  An ufetubus (D:4)
  2 worms
  9 dart slugs
  10 orcs
  11 ball pythons
  6 bats
  3 endoplasms
  2 giant cockroaches (D:1)
  5 goblins
  4 hobgoblins
  3 quokkas
  6 frilled lizards
  12 kobolds
  3 rats
  A spectral hobgoblin (D:2)
163 creatures vanquished.

Vanquished Creatures (collateral kills)
  A death yak (D:10)
  6 yaks (D:10)
  A steam dragon (D:10)
  3 howler monkeys (D:10)
  A river rat (D:9)
  A rat (D:9)
13 creatures vanquished.

Vanquished Creatures (others)
  26 plants (D:10)
26 creatures vanquished.

Grand Total: 202 creatures vanquished

Notes
Turn   | Place    | Note
-------+----------+-------------------------------------------
     0 | D:1      | Urokeeper the Hill Orc Berserker began the quest for the
                  | Orb.
     0 | D:1      | Reached XP level 1. HP: 19/19 MP: 1/1
   653 | D:1      | Reached XP level 2. HP: 27/27 MP: 2/2
  1411 | D:2      | Reached XP level 3. HP: 32/33 MP: 3/3
  1765 | D:2      | Found a faded altar of an unknown god.
  1772 | D:2      | Reached ** piety under Trog
  2337 | D:2      | Reached skill level 5 in Axes
  2342 | D:2      | Reached XP level 4. HP: 32/40 MP: 4/4
  2689 | D:3      | Found a stormy altar of Qazlal.
  2690 | D:3      | Noticed an air elemental
  2692 | D:3      | Noticed a fire elemental
  2692 | D:3      | Noticed a water elemental
  2692 | D:3      | Noticed an earth elemental
  2866 | D:3      | Found a white marble altar of Elyvilon.
  3265 | D:3      | Noticed a black bear
  3276 | D:3      | Killed a black bear
  3277 | D:3      | Reached skill level 6 in Axes
  3277 | D:3      | Reached XP level 5. HP: 47/47 MP: 5/5
  3568 | D:3      | Found a hide-covered altar of Uskayaw.
  3775 | D:4      | Reached *** piety under Trog
  3907 | D:4      | Found Umiryrch's Assorted Antiques.
  3927 | D:4      | Reached XP level 6. HP: 53/53 MP: 6/6
  4480 | D:5      | Entered Level 5 of the Dungeon
  4482 | D:5      | Noticed a black bear
  4489 | D:5      | Killed a black bear
  4490 | D:5      | Reached skill level 5 in Fighting
  4574 | D:5      | Reached skill level 7 in Axes
  4610 | D:5      | Reached XP level 7. HP: 57/61 MP: 7/7
  5248 | D:5      | Reached skill level 8 in Axes
  5328 | D:6      | Reached **** piety under Trog
  5329 | D:6      | Reached XP level 8. HP: 70/70 MP: 8/8
  5470 | D:6      | Reached skill level 5 in Armour
  5500 | D:6      | Found a staircase to the Ecumenical Temple.
  5610 | D:6      | Reached skill level 9 in Axes
  5610 | D:6      | Found a sacrificial altar of Ru.
  6093 | D:7      | Noticed a kobold demonologist
  6106 | D:7      | Killed a kobold demonologist
  6107 | D:7      | Reached skill level 10 in Axes
  6107 | D:7      | Reached XP level 9. HP: 79/79 MP: 9/9
  6179 | D:7      | Noticed a manticore
  6491 | D:7      | Reached ***** piety under Trog
  6632 | D:7      | Reached skill level 11 in Axes
  6805 | D:7      | Reached skill level 5 in Dodging
  6863 | D:7      | Found Ulaut's Antique Armour Emporium.
  6974 | D:7      | Found a shimmering altar of Xom.
  7448 | D:8      | Reached XP level 10. HP: 88/88 MP: 10/10
  7555 | D:8      | Found Lumueng's Book Boutique.
  7844 | D:8      | Reached skill level 12 in Axes
  7983 | D:9      | Noticed a death yak
  7991 | D:9      | Noticed a death yak
  7993 | D:9      | Noticed a death yak
  8012 | D:10     | Entered Level 10 of the Dungeon
  8018 | D:10     | HP: 2/90 [yak (5)]
  8040 | D:10     | Killed a death yak
  8188 | D:9      | Slain by a death yak

Illustrated notes

Levels and vault maps discovered:
D:1:      evilmike_arrival_hilbert_curve, layout_basic
D:2:      layout_loops_ring, dreamdust_ecumenical_altar_drowned_temple,
          grunt_ministairs_12
D:3:      kennysheep_slugbush, layout_basic, overflow_temple_1_default,
          nicolae_qazlal_style_of_elements, mainiacjoe_overflow_24_doors
D:4:      layout_loops_cross, serial_shops, nicolae_take_the_stairs
D:5:      layout_cave_pools
D:6:      layout_cave_pools, nicolae_ru_awakened_eye, temple_fountains,
          chequers_mini_garden
D:7:      kennysheep_spiral_hall, layout_cave_pools, lemuel_doored_altar,
          serial_park, serial_park_square3 [serial_park_minivault_5x5_6],
          serial_park_tiny_1, serial_park_gazebo [serial_park_minivault_5x5_6],
          serial_park_tiny_pond, serial_shops, shop_coins,
          lightli_corner_chamber
D:8:      layout_loops_ring, serial_shops, shop
D:9:      layout_rooms, nicolae_sif_muna_little_library, dpeg_lair_monsters,
          serial_shops, kennysheep_little_box, minmay_unpleasant_kobolds,
          uniq_erolcha
D:10:     minmay_the_grid_octo_2x2 [minmay_the_grid_octo_thin_diamonds,
          minmay_the_grid_octo_odd_swirl, minmay_the_grid_octo_fan_narrow,
          minmay_the_grid_octo_prize_star], layout_grid_maze,
          nemelex_spade_bored_becter, serial_shops, shop,
          chequers_serial_rivers_small_a, serial_bayou_lagoon_a, st_stairs_3

Skill      XL: |  1  2  3  4  5  6  7  8  9 10 |
---------------+-------------------------------+-----
Fighting       | 4 5 7 8 9 |  9.0
Dodging        | 2 3 4 5 |  5.8
Axes           | 5 6 7 8 10 11 12 | 12.7
Armour         | 3 4 6 7 |  7.8

Action                   |  1- 3 |  4- 6 |  7- 9 | 10-12 || total
-------------------------+-------+-------+-------+-------++-------
Melee: Hand axe          |   100 |       |       |       ||   100
       Halberd           |    50 |   166 |   318 |    69 ||   603
Throw: Throwing net      |       |       |       |     1 ||     1
Invok: Berserk           |     2 |     2 |     4 |     1 ||     9
       Brothers in Arms  |       |       |       |     3 ||     3
       Trog's Hand       |       |       |       |     1 ||     1
  Use: Scroll            |       |     1 |     5 |     5 ||    11
       Potion            |       |       |       |    10 ||    10
Armor: Chain mail        |    91 |   102 |   308 |    26 ||   527
       Animal skin       |     3 |       |       |       ||     3
       Gold dragon scale |       |       |       |    42 ||    42
       Skin              |       |       |       |    16 ||    16
Dodge: Dodged            |    71 |    67 |   215 |    44 ||   397
